Map: [ESL] Site Delta

Players

SHIN - Winner!

  • Race: Zerg Zerg
  • Spawn Location: 11:00

Cure

  • Race: Terran Terran
  • Spawn Location: 5:00

Event: ESL Spring 2024 Finals

VOD

Have the link to the VOD?

Description

Time

  • Played on: June 1, 2024, 3:45 p.m.
  • Length: 17:34

All games in this series

Show
View Real Time Build Order
Export as new Build Order

SHIN Zerg - Winner!

Build Orders: Hatch First 

Get SALT Encoding   

  12  0:00  Drone  
  13  0:12  Overlord  
  13  0:16  Drone  
  14  0:30  Drone x2  
  16  0:48  Hatchery  
  15  0:51  Drone  
  15  0:54  Drone  
  17  0:57  Drone  
  18  1:08  Extractor  
  17  1:12  Spawning Pool  
  17  1:16  Drone  
  17  1:19  Drone  
  18  1:28  Drone  
  19  1:38  Drone  
  20  1:50  Drone  
  21  1:59  Queen x2  
  21  2:00  Zergling x4  
  27  2:11  Overlord, Metabolic Boost  
  27  2:13  Drone  
  29  2:30  Drone x2  
  29  2:32  Drone  
  29  2:34  Drone  
  29  2:35  Queen  
  33  2:43  Drone x2  
  35  2:52  Hatchery  
  35  2:53  Zergling x2  
  35  2:55  Overlord  
  35  3:04  Drone  
  36  3:11  Overlord  
  36  3:16  Drone x4  
  40  3:22  Queen x2  
  40  3:25  Overlord  
  44  3:31  Overlord  
  44  3:34  Drone  
  45  3:41  Drone x4  
  45  3:48  Zergling x4  
  51  3:57  Zergling x2  
  51  3:58  Drone x3  
  51  3:59  Drone, Queen  
  51  4:00  Queen  
  60  4:06  Drone  
  60  4:09  Drone  
  62  4:10  Drone  
  62  4:11  Queen  
  62  4:12  Drone x2  
  62  4:15  Overlord  
  62  4:16  Drone  
  68  4:20  Overlord  
  68  4:21  Drone  
  69  4:27  Overlord  
  69  4:32  Overlord  
  69  4:37  Zergling x10  
  74  4:39  Lair  
  74  4:41  Drone x2  
  74  4:42  Spore Crawler  
  74  4:44  Spore Crawler  
  74  4:47  Spore Crawler, Drone x2  
  74  4:50  Drone x2  
  74  4:52  Drone x2  
  79  4:56  Extractor  
  79  4:57  Drone, Baneling Nest  
  79  4:58  Drone  
  79  4:59  Drone  
  80  5:04  Drone  
  80  5:06  Drone x2  
  80  5:07  Drone x2  
  85  5:10  Drone x3  
  88  5:14  Drone  
  88  5:16  Drone  
  88  5:20  Drone  
  91  5:23  Drone x4  
  91  5:24  Hatchery  
  91  5:25  Extractor  
  91  5:26  Extractor  
  91  5:28  Extractor  
  91  5:29  Evolution Chamber  
  91  5:31  Drone x2, Evolution Chamber  
  91  5:34  Zergling x2  
  92  5:38  Overlord  
  92  5:39  Zergling x2  
  92  5:40  Zergling x4  
  92  5:41  Centrifugal Hooks  
  92  5:42  Overseer  
  94  5:47  Overlord  
  94  5:51  Zergling x6  
  94  5:56  Overlord  
  97  5:58  Zerg Melee Weapons Level 1  
  97  5:59  Drone x6  
  97  6:01  Zerg Ground Armor Level 1  
  103  6:12  Drone, Baneling  
  103  6:13  Drone x5  
  103  6:14  Hydralisk Den  
  103  6:15  Drone  
  103  6:17  Hatchery  
  103  6:18  Drone x3  
  110  6:19  Drone  
  110  6:22  Baneling  
  110  6:23  Baneling x4  
  110  6:24  Zergling x2  
  110  6:35  Zergling x12  
  112  6:41  Baneling  
  112  6:42  Baneling x3  
  112  6:44  Zergling x14  
  112  6:46  Grooved Spines  
  118  6:51  Zergling x2  
  119  6:57  Zergling x6  
  119  7:00  Hydralisk  
  124  7:03  Hydralisk  
  124  7:04  Overlord  
  124  7:05  Hydralisk  
  124  7:07  Baneling x5  
  124  7:08  Baneling x4  
  128  7:11  Overlord x4  
  128  7:14  Overlord x2  
  127  7:17  Extractor  
  127  7:21  Zergling x4  
  127  7:27  Hatchery  
  127  7:28  Hydralisk x4  
  127  7:29  Zergling x6, Hydralisk  
  140  7:30  Zergling x2  
  140  7:37  Drone x3, Muscular Augments  
  140  7:39  Zergling x8  
  140  7:43  Zergling x4  
  146  7:49  Zergling x16  
  152  7:53  Zerg Melee Weapons Level 2  
  152  7:55  Zerg Ground Armor Level 2  
  152  7:56  Zergling x8  
  155  8:02  Hydralisk x2  
  157  8:08  Zergling x10  
  157  8:11  Spore Crawler  
  157  8:12  Zergling x10  
  165  8:18  Baneling x7  
  165  8:19  Baneling x4  
  164  8:20  Zergling x16  
  164  8:27  Drone, Zergling x2, Infestation Pit  
  173  8:29  Overlord x2  
  173  8:36  Zergling x8  
  176  8:41  Baneling x11  
  176  8:44  Drone x3, Zergling x2, Hatchery  
  176  8:45  Zergling x12  
  184  8:52  Zergling x6  
  184  8:54  Baneling  
  184  8:55  Baneling x7  
  177  8:57  Zergling x10  
  177  9:00  Zergling x2  
  177  9:01  Overlord  
  180  9:05  Hydralisk x3  
  180  9:06  Zergling x4, Hydralisk  
  180  9:09  Drone  
  188  9:10  Drone x2  
  162  9:17  Hydralisk  
  162  9:18  Zergling x10  
  162  9:22  Zergling x2  
  162  9:24  Zergling x8  
  161  9:27  Zergling x6  
  161  9:28  Overseer  
  161  9:29  Zergling x2  
  153  9:36  Hydralisk x6  
  160  9:39  Zergling x2  
  160  9:40  Drone x2  
  160  9:42  Zergling x2  
  160  9:43  Zergling x8  
  160  9:44  Zergling x2  
  160  9:46  Zergling x4  
  160  9:50  Hive  
  160  9:51  Pneumatized Carapace  
  161  9:53  Spore Crawler, Zergling x10  
  161  9:54  Spore Crawler  
  161  9:57  Drone x3  
  161  9:59  Zergling x2  
  166  10:00  Baneling x9  
  166  10:03  Overseer  
  166  10:04  Zergling x14  
  166  10:06  Zergling x2  
  174  10:09  Zergling x12  
  174  10:10  Baneling x2, Extractor  
  174  10:11  Baneling  
  174  10:13  Zergling x4  
  181  10:15  Extractor  
  181  10:19  Baneling  
  181  10:20  Baneling x7  
  180  10:26  Drone x3  
  183  10:28  Zergling x16  
  183  10:29  Zergling x6  
  194  10:36  Baneling x11  
  194  10:45  Spore Crawler  
  194  10:46  Drone x8, Spore Crawler  
  197  10:52  Zergling x4  
  197  10:57  Hatchery  
  196  11:10  Zerg Melee Weapons Level 3, Zerg Ground Armor Level 3  
  196  11:12  Ultralisk Cavern  
  194  11:18  Adrenal Glands  
  194  11:23  Extractor  
  192  11:41  Viper x2  
  192  11:42  Hatchery  
  192  11:45  Hatchery  
  192  11:47  Viper  
  194  11:59  Chitinous Plating  
  194  12:06  Spine Crawler  
  193  12:10  Zergling x14  
  200  12:17  Hatchery  
  200  12:21  Overseer x3  
  198  12:26  Spine Crawler x3, Drone x4  
  198  12:34  Baneling  
  198  12:35  Baneling x28  
  198  12:44  Zergling x2  
  198  12:45  Zergling x2  
  198  12:52  Zergling x10  
  199  12:58  Spine Crawler  
  199  12:59  Zergling x2  
  199  13:04  Extractor  
  198  13:08  Drone  
  191  13:18  Anabolic Synthesis  
  162  13:20  Viper x2  
  162  13:24  Ultralisk  
  162  13:25  Zergling x46, Ultralisk x3  
  162  13:26  Zergling x4  
  162  13:27  Zergling x2  
  199  13:29  Zergling x16  
  199  13:30  Zergling x4  
  199  13:31  Zergling x4  
  197  13:52  Zergling x4  
  197  13:54  Baneling x31  
  194  14:04  Zergling x2  
  194  14:05  Zergling x24  
  194  14:09  Drone x9  
  189  14:12  Overlord x2, Ultralisk x2  
  189  14:13  Zergling x2, Overlord  
  189  14:14  Zergling x4, Overlord x2  
  189  14:15  Zergling x2, Overlord  
  189  14:17  Overlord  
  193  14:34  Zergling x14  
  199  14:45  Spore Crawler, Zergling x2  
  199  14:46  Overseer  
  199  14:47  Overseer x2  
  199  14:48  Zergling x2  
  199  14:51  Zergling x2  
  200  14:55  Zergling x2  
  200  14:57  Zergling x2  
  200  14:59  Zergling x2  
  187  15:08  Ultralisk  
  187  15:09  Zergling x22, Ultralisk x2  
  187  15:11  Zergling x2  
  187  15:13  Ultralisk  
  187  15:14  Zergling x4, Ultralisk  
  200  15:16  Zergling x2  
  200  15:18  Zergling x6  
  200  15:19  Zergling x8  
  199  15:26  Baneling x22  
  199  15:31  Overseer  
  199  15:32  Overseer x3  
  199  15:34  Drone  
  190  15:43  Hydralisk x4  
  190  15:44  Zergling x4  
  199  15:51  Zergling x2  
  199  15:52  Overseer x3  
  199  15:53  Hatchery  
  199  15:54  Infestor x2  
  199  15:55  Zergling x2  
  198  16:00  Zergling x20  
  198  16:02  Zergling x8  
  198  16:03  Infestor, Zergling x6  
  199  16:06  Hydralisk  
  199  16:07  Zergling x2  
  199  16:08  Zergling x4  
  193  16:14  Drone x2, Spire  
  194  16:18  Drone x5  
  194  16:25  Zergling x6  
  200  16:26  Zergling x4  
  200  16:29  Zergling x12  
  179  16:33  Viper  
  179  16:34  Viper  
  179  16:35  Zergling x2, Hydralisk  
  179  16:36  Zergling x2  
  179  16:37  Zergling x2  
  179  16:38  Zergling x2  
  179  16:39  Zergling x2  
  192  16:41  Zergling x4  
  192  16:42  Zergling x2  
  188  16:48  Hydralisk x2  
  188  16:49  Zergling x2  
  188  16:53  Zergling x2  
  188  16:54  Zergling x8  
  198  16:59  Zergling x2  
  197  17:05  Zergling x22  
  197  17:06  Zergling x2  
  197  17:08  Zergling x4  
  186  17:14  Zergling x2  
  180  17:16  Zergling x4  
  180  17:17  Overseer  
  185  17:29  Spore Crawler  
Show
View Real Time Build Order
Export as new Build Order

Cure Terran 

Build Orders: Reaper Expand, Hellion Banshee 

Get SALT Encoding   

  12  0:00  SCV  
  13  0:12  SCV  
  14  0:17  Supply Depot  
  14  0:24  SCV  
  15  0:38  SCV  
  15  0:40  Barracks  
  15  0:42  Refinery  
  16  0:50  SCV  
  17  1:03  SCV  
  18  1:15  SCV  
  19  1:27  Orbital Command, Reaper  
  20  1:38  Command Center  
  20  1:46  Supply Depot  
  20  1:53  SCV  
  21  1:59  Marine  
  22  2:05  SCV  
  23  2:10  Factory  
  23  2:17  SCV  
  25  2:23  Barracks Reactor  
  25  2:29  SCV  
  25  2:38  Command Center  
  25  2:41  SCV  
  26  2:49  Orbital Command  
  26  2:53  SCV  
  26  2:56  Starport  
  27  3:04  Hellion x2  
  31  3:06  SCV  
  31  3:12  Barracks Tech Lab, Refinery  
  32  3:17  SCV  
  32  3:18  SCV  
  34  3:26  Hellion x2  
  38  3:29  SCV  
  38  3:31  SCV  
  40  3:40  Marine  
  41  3:41  Banshee  
  41  3:43  SCV x2  
  46  3:50  Hellion x2  
  46  3:52  Orbital Command  
  50  3:56  SCV x2  
  50  3:59  Supply Depot  
  50  4:00  Cloaking Field  
  52  4:08  SCV x2  
  54  4:12  Barracks Tech Lab  
  58  4:17  SCV  
  58  4:20  SCV x2  
  58  4:23  Supply Depot  
  61  4:25  Banshee  
  61  4:30  Orbital Command  
  60  4:31  Barracks  
  60  4:33  SCV x2  
  60  4:34  Barracks  
  60  4:35  Marine  
  63  4:42  Stimpack  
  63  4:43  Refinery  
  63  4:44  Refinery  
  63  4:45  SCV x2  
  65  4:46  Supply Depot  
  65  4:52  Factory Reactor  
  65  4:55  SCV  
  65  4:57  SCV x2  
  68  5:00  Engineering Bay x2  
  68  5:01  Marine  
  69  5:07  SCV  
  69  5:09  SCV x2  
  69  5:13  Supply Depot  
  72  5:19  SCV  
  74  5:21  SCV x2  
  74  5:26  Barracks  
  74  5:27  Barracks  
  75  5:30  Supply Depot, Starport Reactor  
  75  5:33  SCV x2  
  75  5:34  SCV, Marine x4  
  75  5:35  Marine  
  83  5:37  Terran Infantry Weapons Level 1  
  83  5:40  Terran Infantry Armor Level 1  
  83  5:45  SCV x2  
  83  5:46  SCV  
  83  5:47  Supply Depot  
  86  5:52  Siege Tank  
  89  5:58  Marine x5  
  89  6:00  SCV  
  89  6:01  SCV x2  
  97  6:08  Medivac x2  
  97  6:09  Supply Depot, Refinery  
  97  6:10  Supply Depot  
  101  6:12  Supply Depot  
  101  6:14  SCV x3  
  101  6:16  Barracks Reactor x2  
  104  6:21  Marine x5  
  109  6:31  SCV x3  
  112  6:38  Medivac  
  112  6:39  Siege Tank, Medivac  
  112  6:43  SCV x3, Marine x5  
  120  6:52  Factory  
  120  6:53  Supply Depot x2  
  120  6:56  Marine x2  
  120  6:57  Marine x2  
  120  6:59  Combat Shield  
  120  7:00  Marine x2  
  126  7:03  Armory  
  127  7:08  SCV x3  
  127  7:13  Command Center  
  127  7:15  Marine x4  
  131  7:16  Medivac  
  131  7:22  Siege Tank, Medivac  
  138  7:25  Missile Turret  
  138  7:27  Missile Turret  
  140  7:32  Refinery  
  140  7:37  Factory Tech Lab  
  140  7:38  Marine x6  
  140  7:40  SCV x3  
  147  7:52  SCV x2  
  147  7:55  SCV  
  147  7:57  Medivac  
  149  8:00  Supply Depot  
  149  8:04  Supply Depot x2  
  149  8:11  Terran Infantry Weapons Level 2  
  149  8:21  Supply Depot  
  149  8:22  SCV, Marine x4, Siege Tank  
  149  8:23  Terran Infantry Armor Level 2  
  149  8:24  Marine x5, Medivac  
  149  8:25  Siege Tank  
  167  8:28  SCV x2  
  169  8:34  SCV  
  169  8:40  Marine x4  
  174  8:42  SCV x2, Marine x5  
  174  8:46  SCV  
  177  8:54  Siege Tank, SCV  
  177  8:55  SCV  
  173  8:56  Planetary Fortress  
  173  8:57  Siege Tank, Marine x4  
  178  9:08  Marine x5  
  176  9:15  Marine x4  
  176  9:16  SCV x3  
  131  9:26  Siege Tank, Marine x5  
  131  9:29  Siege Tank  
  128  9:33  Marine x4, Medivac  
  120  9:44  Marine x5  
  119  9:48  SCV x3  
  119  9:49  SCV  
  119  9:51  Marine x4  
  127  9:58  Siege Tank, Medivac  
  132  10:01  Siege Tank  
  132  10:02  Marine x5, Barracks  
  132  10:03  Barracks  
  132  10:06  Barracks  
  140  10:07  Sensor Tower  
  140  10:09  Marine x4  
  140  10:11  Sensor Tower  
  144  10:19  Marine x2  
  144  10:20  Marine x3  
  149  10:25  Command Center  
  149  10:26  SCV x4  
  149  10:27  Marine x4  
  157  10:28  Terran Infantry Weapons Level 3  
  157  10:30  Siege Tank  
  157  10:31  Terran Vehicle Weapons Level 1  
  157  10:33  Siege Tank  
  163  10:37  Marine x4  
  163  10:38  SCV, Marine  
  163  10:39  SCV x3  
  163  10:42  Supply Depot  
  172  10:44  Marine  
  172  10:47  Marine x3  
  172  10:49  Supply Depot  
  176  10:52  Terran Infantry Armor Level 3  
  176  10:55  Marine  
  177  11:03  Siege Tank, Medivac x2  
  174  11:09  Barracks Tech Lab x2, Refinery x2  
  174  11:10  Barracks Tech Lab, Ghost Academy  
  174  11:14  Command Center  
  174  11:20  Marine x6  
  180  11:32  Missile Turret  
  180  11:33  Viking x2  
  180  11:35  Missile Turret  
  183  11:43  Command Center  
  183  11:45  Missile Turret  
  175  11:56  Ghost x4  
  175  11:57  Marine x6  
  175  11:59  Command Center  
  185  12:02  Viking  
  185  12:03  Viking  
  189  12:09  Siege Tank x2, Missile Turret  
  195  12:21  Factory  
  195  12:22  Missile Turret  
  195  12:26  Factory  
  192  12:35  Planetary Fortress, Orbital Command  
  192  12:38  Missile Turret  
  192  12:39  Command Center x2  
  192  12:43  Terran Vehicle Weapons Level 2  
  192  12:44  Ghost  
  192  12:54  Viking  
  192  12:55  Viking  
  196  12:59  Planetary Fortress  
  196  13:06  Command Center  
  196  13:08  Neosteel Armor  
  196  13:10  Factory Tech Lab  
  161  13:29  Hi-Sec Auto Tracking, Ghost  
  161  13:30  Ghost  
  165  13:38  Siege Tank x2  
  165  13:40  Viking  
  172  13:55  Siege Tank  
  175  13:56  Infernal Pre-Igniter, Factory Reactor  
  170  14:07  Ghost x2  
  170  14:08  Marine x5  
  160  14:17  Orbital Command  
  160  14:19  Ghost  
  160  14:20  Marine x4  
  166  14:28  Sensor Tower  
  166  14:30  Missile Turret  
  166  14:31  Liberator  
  169  14:35  Ghost  
  171  14:40  Orbital Command  
  171  14:41  Ghost x2  
  171  14:42  Marine  
  171  14:44  Orbital Command  
  173  14:56  Marine x2  
  173  14:57  Marine x2, Marauder  
  173  15:00  Orbital Command  
  173  15:05  Marauder  
  173  15:07  Orbital Command  
  157  15:17  Marine x4, Marauder  
  157  15:18  Marauder  
  157  15:20  Siege Tank x2  
  150  15:24  SCV x3  
  150  15:25  SCV  
  151  15:28  Marine x4  
  151  15:29  Marauder  
  157  15:44  Marine x5, Marauder  
  157  15:45  Marauder  
  157  15:46  Concussive Shells, Marine  
  167  15:50  Orbital Command, Marauder  
  159  16:00  Marine x3  
  159  16:02  Marine x3  
  159  16:03  Marauder  
  128  16:06  Marine x2, Marauder x2  
  128  16:12  Marauder  
  128  16:17  Marine x2  
  128  16:18  Marine  
  133  16:20  Marine  
  133  16:24  Marine x2, Marauder  
  138  16:27  Marauder  
  123  16:33  Marine x4  
  125  16:53  Siege Tank  
  125  16:54  Refinery, Widow Mine  
  130  16:58  Marine  
  101  17:08  Marine x2  
  101  17:09  Marauder  
  102  17:16  Marine  
Tags
 
Add a new tag
Caveats
  • Supply blocks, unpowered buildings, or Contaminate may cause inaccurate times.
  • Supply counts are checked every 10 seconds.